 Dungeon Sprint DCSS version 0.22-a0-456-g11ed031 (webtiles) character file.

7 Kidiri the Ruffian (level 1, -2/17 HPs)
             Began as a Draconian Transmuter on June 6, 2018.
             Slain by a human (8 damage)
             ... in the Dungeon (Sprint III: "The Ten Rune Challenge").
             The game lasted 00:00:59 (370 turns).

Kidiri the Ruffian (Draconian Transmuter)            Turns: 370, Time: 00:01:00

Health: -2/17      AC:  4    Str: 12    XL:     1   Next: 83%
Magic:  2/3        EV: 12    Int: 13    God:
Gold:   0          SH:  0    Dex: 11    Spells: 3/4 levels left

rFire    . . .     SeeInvis .     - Unarmed
rCold    . . .     Gourm    .   (no shield)
rNeg     . . .     Faith    .   (armour unavailable)
rPois    .         Spirit   .   (helmet restricted)
rElec    .         Reflect  .   (no cloak)
rCorr    .         Harm     .   (no gloves)
MR       .....     NoTele   +   (no boots)
Stlth    +.........             (no amulet)
HPRegen  0.05/turn              (no ring)
MPRegen  0.08/turn              (no ring)

@: appendage (expiring)
A: unfitting armour, horns 2, cold-blooded, AC +4
a: End Transformation


You were in the Dungeon.
You were not hungry.
You had grown temporary horns.
You visited 1 branch

Inventory:

Missiles
 a - 12 arrows
Scrolls
 b - a scroll of enchant weapon {unknown}
 i - a scroll of blinking
Potions
 d - 3 potions of curing
 f - a potion of haste
 g - 2 potions of magic
 h - a potion of berserk rage
Comestibles
 c - a ration
 j - a chunk of flesh


   Skills:
 * Level 2.1 Fighting
 + Level 2.1 Dodging
 + Level 1.0 Stealth
 * Level 3.4 Unarmed Combat
 + Level 2.2 Spellcasting
 * Level 2.6 Transmutations


You had 3 spell levels left.
You knew the following spells:

 Your Spells              Type           Power        Failure   Level  Hunger
a - Beastly Appendage     Tmut           #.....       9%          1    ##.....

Your spell library contained the following spells:

 Spells                   Type           Power        Failure   Level  Hunger
 Spider Form              Tmut/Pois      #.........   41%         3    ####...
 Blade Hands              Tmut           #.........   93%         5    ######.
 Ice Form                 Ice/Tmut       #.......     82%         4    #####..
 Sticks to Snakes         Tmut           #.......     13%         2    ###....


Dungeon Overview and Level Annotations

Branches:
Dungeon (1/1)

Altars:


Innate Abilities, Weirdness & Mutations

Your plain brown scales are hard. (AC +4)
You cannot fit into any form of body armour.
You are cold-blooded and may be slowed by cold attacks.
You have a pair of horns on your head.


Message History

Casting: Beastly Appendage (safe; 9% risk of failure)
Confirm with . or Enter, or press ? or * to list all spells.
You extend your transformation's duration.
The human hits you.
You hit the human. You headbutt the human!
The human is almost dead.
The human hits you.
You barely miss the human.
The wolf howls!
You headbutt the human.
The human is almost dead.
The human hits you.
You hit the human but do no damage. Your headbutt misses the human.
The human is almost dead.
Unknown command.
You closely miss the human.
The human is almost dead.
Your transformation is almost over.
The human hits you!
You die...

▓#'####....♣.
▓.....#....≈♣♣♣♣♣.
▓.....#...≈≈♣.....
▓.....#..≈≈≈h.... +
▓####'#..≈≈≈≈≈≈♣♣.#
▓.....#.≈≈≈≈≈≈....#
▓...÷.#.≈≈≈≈≈.....#
▓.....#.≈≈≈.......#
▓'#####.....@p....#
▓.................#
▓▓▓▓▓▓▓▓▓▓▓▓▓▓▓▓▓▓▓


You could see a human and a wolf.

Vanquished Creatures
  An ooze (D)
  3 rats (D)
4 creatures vanquished.

Vanquished Creatures (others)
  2 draconian scorchers (D)
  6 hellions (D)
  A yaktaur (D)
9 creatures vanquished.

Grand Total: 13 creatures vanquished

Notes
Turn   | Place    | Note
-------+----------+-------------------------------------------
     0 | D        | Kidiri the Draconian Transmuter began the quest for the Orb.
     0 | D        | Reached XP level 1. HP: 16/16 MP: 3/3
    81 | D        | Killed a hellion
    96 | D        | Killed a hellion
    96 | D        | Killed a hellion
    97 | D        | Killed a hellion
   105 | D        | Killed a hellion
   115 | D        | Killed a yaktaur
   130 | D        | Killed a white draconian scorcher
   195 | D        | Killed a white draconian scorcher
   298 | D        | Reached skill level 1 in Stealth
   322 | D        | Killed a hellion
   347 | D        | Noticed a wolf
   370 | D        | Slain by a human

Vault maps used:
D:        dungeon_sprint_mu

Skill      XL: |  1 |
---------------+----+-----
Fighting       | 2 |  2.1
Dodging        | 2 |  2.1
Stealth        | 1 |  1.0
Unarmed Combat | |  3.4
Spellcasting   | |  2.2
Transmutations | |  2.6

Action                   || total
-------------------------++-------
Melee: Unarmed           ||    24
       Headbutt          ||     5
       Tailslap          ||     3
 Cast: Beastly Appendage ||     4
  Use: Potion            ||     1
 Stab: Sleeping          ||     1
Armor: Skin              ||     7
Dodge: Dodged            ||    11

Table legend:
 A = Spawn XP
 B = Non-spawn XP
 C = Spawn XP percentage of total XP
 D = Spawn monster count
 E = Non-spawn monster count
 F = Spawn count percentage of total count
 G = Total turns spent on level
                    A         B        C        D         E        F      G
               +---------+---------+-------+---------+---------+-------+---------
         Total |       0 |      10 |   0.0 |       0 |       4 |   0.0 |   370
               +---------+---------+-------+---------+---------+-------+---------
             D |       0 |      10 |   0.0 |       0 |       4 |   0.0 |   370
               +---------+---------+-------+---------+---------+-------+---------
